 Dungeon Crawl Stone Soup version 0.29.1-13-g9f3cf754e1 (webtiles) character file.

Game seed: 2530278954428263258

86 protoss039 the Digger (level 4, 0/32 HPs)
             Began as a Demonspawn Earth Elementalist on Feb 11, 2023.
             Slain by a gnoll
             ... wielding a +2 whip of pain
              (5 damage)
             ... on level 2 of the Dungeon.
             The game lasted 00:02:55 (1824 turns).

protoss039 the Digger (DsEE)                        Turns: 1824, Time: 00:02:55

Health: 0/32       AC:  8    Str:  8    XL:     4   Next: 26%
Magic:  0/7        EV: 12    Int: 19    God:
Gold:   81         SH:  0    Dex: 13    Spells: 4/7 levels left

rFire   . . .      SeeInvis .   g - +0 spear
rCold   . . .      Faith    .   (no shield)
rNeg    . . .      Spirit   .   a - +0 robe
rPois   .          Reflect  .   (no helmet)
rElec   .          Harm     .   (no cloak)
rCorr   .          Rampage  .   (no gloves)
Will    .....                   (no boots)
Stlth   ++........              (no amulet)
HPRegen 0.10/turn               j - +4 ring of protection
MPRegen 0.10/turn               (no ring)

@: no status effects
A: slimy green scales 1, weakness stinger 1
a: no special abilities


You were on level 2 of the Dungeon.
You visited 1 branch of the dungeon, and saw 2 of its levels.

You collected 81 gold pieces.

Inventory:

Hand Weapons
 g - a +0 spear (weapon)
Armour
 a - a +0 robe (worn)
Jewellery
 j - a +4 ring of protection (left hand)
Scrolls
 c - 2 scrolls of identify {unknown}
 d - 2 scrolls of silence {unknown}
 e - a scroll of blinking {unknown}
 f - 5 scrolls of fog {unknown}
 h - a scroll of noise {unknown}
Potions
 b - 2 potions of magic
 i - a potion of might {unknown}


   Skills:
 + Level 1.1 Fighting
 * Level 2.6 Dodging
 * Level 2.8 Stealth
 + Level 2.3 Spellcasting
 - Level 1.0 Transmutations
 + Level 3.0 Earth Magic


You had 4 spell levels left.
You knew the following spells:

 Your Spells              Type           Power      Damage    Failure   Level
a - Sandblast             Erth           26%        2d8       4%          1
b - Passwall              Tmut/Erth      7%         N/A       11%         2

Your spell library contained the following spells:

 Spells                   Type           Power      Damage    Failure   Level
 Stone Arrow              Conj/Erth      16%        3d8       26%         3
 Petrify                  Tmut/Erth      9%         N/A       56%         4


Dungeon Overview and Level Annotations

Branches:
Dungeon (2/15) Zot: 10137

Altars:


Innate Abilities, Weirdness & Mutations

You are partially covered in slimy green scales. (AC +2)
You have a small tail.


Message History

You don't have enough magic to cast this spell.
Unknown command.
Unknown command.
The gnoll attacks as you move away! The gnoll misses you.
The gnoll attacks as you move away!
The gnoll hits you with a +2 whip of pain.
Your magical contamination has completely faded away.
The gnoll attacks as you move away!
The gnoll hits you with a +2 whip of pain.
The gnoll attacks as you move away! The gnoll hits you but does no damage.
Casting: Sandblast (safe; 4% risk of failure)
Confirm with . or Enter, or press ? or * to list all spells.
Aiming: Sandblast (safe; 4% risk of failure)
Press: ? - help, Shift-Dir - straight line, f/p - gnoll
Aim: a gnoll, wielding a +2 whip of pain (moderately wounded, 84% to hit)
The blast of sand hits the gnoll.
The gnoll is heavily wounded.
The gnoll hits you with a +2 whip of pain!
You writhe in agony.
Unknown command.
Casting: Sandblast (safe; 4% risk of failure)
Confirm with . or Enter, or press ? or * to list all spells.
You don't have enough magic to cast this spell.
Unknown command.
Press: ? - help, v - describe, . - travel
Here: a gnoll, wielding a +2 whip of pain (heavily wounded)
The floor.
The gnoll attacks as you move away! The gnoll barely misses you.
The gnoll attacks as you move away!
The gnoll hits you with a +2 whip of pain.
You writhe in agony.
* * * LOW HITPOINT WARNING * * *
The gnoll attacks as you move away!
The gnoll hits you with a +2 whip of pain.
* * * LOW HITPOINT WARNING * * *
You writhe in agony.
* * * LOW HITPOINT WARNING * * *
The gnoll attacks as you move away!
The gnoll hits you with a +2 whip of pain.
You die...

#.......)######.....##...#
......†...# #####.##.>.#
.#.#.####.# ####.###.##
.#.#.####.### #....# #.#
##.#........####.#### #.#
#.######....#...## #.#
##.######.........## #.#
.................<.# #.#
##.#####........@†.# #.#
##.# #.......g...# #.#
##.# ##.....g...## #.#
##.# #........## #.# .#.#
#..#.##### #.# .#.#
#....#.# #.# .#.# #.##.#.#
######.## ...## #.##.#.#
##...#...## ....#
#.##)..####.........##


You could see 2 gnolls.

Vanquished Creatures
  2 adders (D:2)
  A gnoll (D:2)
  3 worms (D:2)
  A dart slug (D:2)
  3 orcs (D:2)
  2 ball pythons
  2 bats (D:1)
  6 endoplasms
  2 giant cockroaches (D:1)
  3 hobgoblins
  2 jackals (D:2)
  A quokka (D:2)
  5 goblins
  3 kobolds
  7 rats
43 creatures vanquished.

Notes
Turn   | Place    | Note
-------+----------+-------------------------------------------
     0 | D:1      | protoss039 the Demonspawn Earth Elementalist began the
                  | quest for the Orb.
     0 | D:1      | Reached XP level 1. HP: 13/13 MP: 3/3
   100 | D:1      | Reached skill level 1 in Transmutations
   406 | D:1      | Gained mutation: You are partially covered in slimy green
                  | scales. (AC +2) [demonic ancestry]
   406 | D:1      | Reached XP level 2. HP: 19/19 MP: 3/5
   501 | D:1      | Found a faded altar of an unknown god.
  1154 | D:1      | Learned a level 2 spell: Passwall
  1155 | D:2      | Found the +6 lightning scales {swift, rElec}
  1240 | D:2      | Reached XP level 3. HP: 22/25 MP: 1/6
  1663 | D:2      | Reached skill level 1 in Fighting
  1663 | D:2      | Reached skill level 3 in Earth Magic
  1712 | D:2      | Gained mutation: You have a small tail. [demonic ancestry]
  1712 | D:2      | Reached XP level 4. HP: 32/32 MP: 4/7
  1824 | D:2      | Slain by a gnoll

Illustrated notes

Levels and vault maps discovered:
D:1:      sevenhm_arrival_forest_fort_small_3, layout_loops_ring,
          hellmonk_ecumenical_altar_pennies_from_heaven
D:2:      layout_rooms

Skill      XL: |  1  2  3 |
---------------+----------+-----
Transmutations | 1 |  1.0
Stealth        | 2 |  2.8
Dodging        | 2 |  2.6
Fighting       | 1 |  1.1
Earth Magic    | 3 |  3.0
Spellcasting   | |  2.3

Action                   |  1- 3 |  4- 6 || total
-------------------------+-------+-------++-------
Melee: Spear             |    41 |     1 ||    42
 Cast: Sandblast         |    57 |     8 ||    65
 Stab: Sleeping          |     3 |     1 ||     4
Armor: Robe              |    28 |     4 ||    32
Dodge: Dodged            |    37 |     2 ||    39
